[Event "Titled Tuesday Blitz August 16 Early 2022"]
[White "Iljin, Timofey"]
[Black "Aradhya, Garg"]
[WhiteFideId "14110180"]
[BlackFideId "25006746"]
[WhiteElo "2404"]
[BlackElo "2203"]
[Result "1/2-1/2"]
[Round "05"]
[TimeControl "180+1"]
[Date "2022.08.16"]
[WhiteClock "0:02:38"]
[BlackClock "0:02:26"]

1. d4 d5 2. c4 c6 3. Nc3 Nf6 4. Nf3 dxc4 5. a4 Bf5 6. Nh4 e6 7. Nxf5 exf5 8. e3 Bb4 9. Bxc4 O-O 10. O-O a5 11. Qf3 g6 12. h3 h5 13. Rd1 Nbd7 14. Bd2 Nb6 15. Bf1 Re8 16. Rac1 Qe7 17. b3 Rad8 18. Be1 Ba3 19. Rb1 Bb4 20. Rbc1 Ba3 21. Rb1 Bb4 22. Rbc1 1/2-1/2


[Site "https://www.chess.com"]

[Event "Titled Tuesday Blitz August 16 Early 2022"]
[White "Jiganchine, Roman"]
[Black "Moreira, Ronaldo Alonso"]
[WhiteFideId "2603667"]
[BlackFideId "2110547"]
[WhiteElo "2205"]
[BlackElo "2037"]
[Result "1-0"]
[Round "05"]
[TimeControl "180+2"]
[Date "2022.08.18"]
[WhiteClock "0:00:00"]
[BlackClock "0:00:00"]

1. Nf3 d5 2. e3 Nf6 3. c4 e6 4. b3 Be7 5. Bb2 O-O 6. Nc3 c5 7. cxd5 Nxd5 8. Qc2 Nc6 9. a3 Bf6 10. h4 b6 11. Ng5 g6 12. O-O-O a5 13. Bb5 Na7 14. Bd3 Nc6 15. h5 Ndb4 16. axb4 Nxb4 17. Nce4 Bxb2+ 18. Kxb2 Nxd3+ 19. Kb1 f5 20. hxg6 fxe4 21. gxh7+ Kh8 22. Nxe4 Bb7 23. f3 Bxe4 24. Qc3+ Qf6 25. fxe4 Qxc3 26. dxc3 Ne5 27. Rd6 Rad8 28. Rxe6 Ng4 29. Rxb6 Nxe3 30. Rb5 Nxg2 31. Rxc5 Rfe8 32. e5 Nf4 33. Rxa5 Nd3 34. Kc2 Nxe5 35. Re1 Nf7 36. Rxe8+ Rxe8 37. Ra7 Ng5 38. b4 Nxh7 39. Kb3 Kg8 40. b5 Nf6 41. c4 Kf8 42. Kb4 Re7 43. Ra6 Kf7 44. Rc6 Rb7 45. b6 Nd7 46. Kb5 1-0


[Site "https://www.chess.com"]

[Event "Titled Tuesday Blitz August 16 Early 2022"]
[White "Kamsky, Gata"]
[Black "Nazari, Arad"]
[WhiteFideId "2000024"]
[BlackFideId "12577324"]
[WhiteElo "2666"]
[BlackElo "2129"]
[Result "1-0"]
[Round "05"]
[TimeControl "180+1"]
[Date "2022.08.16"]
[WhiteClock "0:02:04"]
[BlackClock "0:01:44"]

1. d4 Nf6 2. Bf4 e6 3. Nf3 c5 4. e3 cxd4 5. exd4 d6 6. h3 Be7 7. Bd3 O-O 8. O-O b6 9. a4 a6 10. Re1 Bb7 11. Bh2 Re8 12. Nbd2 Nbd7 13. a5 b5 14. c4 bxc4 15. Nxc4 Nf8 16. Nb6 Rb8 17. Nd2 Nd5 18. Ndc4 Nxb6 19. Nxb6 Nd7 20. Nc4 1-0


[Site "https://www.chess.com"]

[Event "Titled Tuesday Blitz August 16 Early 2022"]
[White "Karimov, Alisher"]
[Black "Csonka, Balazs"]
[WhiteFideId "14700280"]
[BlackFideId "742910"]
[WhiteElo "2186"]
[BlackElo "2404"]
[Result "0-1"]
[Round "05"]
[TimeControl "180+2"]
[Date "2022.08.18"]
[WhiteClock "0:00:00"]
[BlackClock "0:00:00"]

1. d4 d5 2. c4 dxc4 3. Nf3 a6 4. e3 b5 5. a4 Bb7 6. b3 e6 7. bxc4 bxc4 8. Bxc4 Nf6 9. O-O Nbd7 10. a5 c5 11. Ba3 Be7 12. Nbd2 O-O 13. Qe2 Ra7 14. Rfb1 Qa8 15. Nb3 Rc8 16. Ne1 Nd5 17. Rc1 cxd4 18. Bxd5 Bxd5 19. Bxe7 Bxb3 20. exd4 Bd5 21. Qg4 Rac7 22. Rxc7 Rxc7 23. Nd3 Be4 24. Nf4 Qc8 25. h3 Bf5 26. Qg3 Nf8 27. Bf6 Ng6 28. Be5 Nxe5 29. dxe5 Rc1+ 30. Rxc1 Qxc1+ 31. Kh2 Qc7 32. Qe3 Qxa5 33. g4 Bg6 34. Qd4 Qc7 35. h4 h6 36. Nxg6 fxg6 37. Kg3 Kf7 38. f4 a5 39. h5 gxh5 40. gxh5 Qb7 41. Qd3 a4 42. Qg6+ Kf8 43. Kh4 Qe7+ 44. Kg3 Qb7 45. Kh4 a3 46. Qxe6 Qe7+ 47. Qxe7+ Kxe7 0-1


[Site "https://www.chess.com"]

[Event "Titled Tuesday Blitz August 16 Early 2022"]
[White "Kavyev, Ruslan"]
[Black "Broca Jimenez, Fernando"]
[WhiteFideId "34110981"]
[BlackFideId "5104742"]
[WhiteElo "2180"]
[BlackElo "2062"]
[Result "1-0"]
[Round "05"]
[TimeControl "180+2"]
[Date "2022.08.18"]
[WhiteClock "0:00:00"]
[BlackClock "0:00:00"]

1. d4 Nf6 2. c4 e6 3. g3 d5 4. Bg2 Be7 5. Nf3 O-O 6. O-O c6 7. Qc2 Nbd7 8. Nbd2 Re8 9. e4 dxe4 10. Nxe4 Nxe4 11. Qxe4 Nf6 12. Qc2 c5 13. Rd1 cxd4 14. Nxd4 Qc7 15. Nb5 Qb8 16. c5 Bd7 17. Nd6 Bxd6 18. cxd6 Rc8 19. Qb3 Bc6 20. Bf4 Nd7 21. Rac1 Bxg2 22. Kxg2 e5 23. Rxc8+ Qxc8 24. Be3 Qc6+ 25. Kg1 a6 26. Rc1 Qxd6 27. Qxb7 Rb8 28. Rc8+ Rxc8 29. Qxc8+ Nf8 30. Bc5 Qd1+ 31. Kg2 Qd5+ 32. f3 Qd2+ 33. Bf2 Qd7 34. Qxa6 Ne6 35. Qa8+ Qd8 36. Qxd8+ Nxd8 37. a4 Kf8 38. a5 Ke8 39. a6 Kd7 40. a7 1-0


[Site "https://www.chess.com"]

[Event "Titled Tuesday Blitz August 16 Early 2022"]
[White "Kezin, Roman"]
[Black "Vrbljanac, Aleksandar"]
[WhiteFideId "24124621"]
[BlackFideId "932817"]
[WhiteElo "2551"]
[BlackElo "2309"]
[Result "1-0"]
[Round "05"]
[TimeControl "180+1"]
[Date "2022.08.16"]
[WhiteClock "0:00:53"]
[BlackClock "0:00:12"]

1. Nc3 e5 2. Nf3 Nc6 3. e4 Nf6 4. Bc4 Nxe4 5. O-O Nxc3 6. dxc3 Be7 7. Qd5 O-O 8. Nxe5 Nxe5 9. Qxe5 Bf6 10. Qg3 d5 11. Bd3 Re8 12. Bf4 Bh4 13. Bxc7 Bxg3 14. Bxd8 Bxh2+ 15. Kxh2 Rxd8 16. Rad1 Be6 17. Be2 Rd7 18. Rd4 Rad8 19. Rfd1 h6 20. Kg3 g5 21. Bb5 Rd6 22. Ba4 Kf8 23. f4 Ke7 24. Rh1 Bf5 25. Bb3 b5 26. a4 a6 27. Kf2 Kf8 28. axb5 axb5 29. Rb4 Rb6 30. Rd1 Be6 31. Ra1 Rd7 32. Ra5 Rdb7 33. Rd4 Rd6 34. g4 gxf4 35. Rxf4 Kg7 36. Kg3 Kg6 37. Rb4 Rdb6 38. Ra8 Rb8 39. Ra1 Rg8 40. Rd1 Kf6 41. Bxd5 h5 42. Bxe6 Rxe6 43. Rf1+ Ke7 44. Rff4 hxg4 45. Rxg4 Rxg4+ 46. Kxg4 Re2 47. Rxb5 Rxc2 48. Kf4 Ke6 49. Rb6+ Kd5 50. Ke3 f5 51. Rb5+ Kc4 52. Rb4+ Kd5 53. Kd3 Rh2 54. Rb5+ Ke6 55. b4 Rh3+ 56. Kd4 Rh4+ 57. Kc5 f4 58. Rb8 Rh5+ 59. Kd4 Rf5 60. Re8+ Kd7 61. Re2 Kd6 62. Rf2 Rf6 63. Ke4 Re6+ 64. Kxf4 Kd5 65. Kf5 Re8 66. Rf4 Rc8 67. Rd4+ Kc6 68. Rc4+ Kd7 69. Rxc8 Kxc8 70. Ke5 Kb7 71. Kd5 Kb6 72. c4 Ka6 73. Kc6 Ka7 74. b5 Kb8 75. c5 Ka8 76. Kc7 Ka7 77. b6+ Ka6 78. b7 Ka5 79. c6 Ka4 80. b8=Q Ka5 81. Qb3 Ka6 82. Qa4# 1-0


[Site "https://www.chess.com"]

[Event "Titled Tuesday Blitz August 16 Early 2022"]
[White "Koridze, Lile"]
[Black "Postnikov, Daniil"]
[WhiteFideId "13612514"]
[BlackFideId "4166329"]
[WhiteElo "2050"]
[BlackElo "2261"]
[Result "1-0"]
[Round "05"]
[TimeControl "180+2"]
[Date "2022.08.18"]
[WhiteClock "0:00:00"]
[BlackClock "0:00:00"]

1. d4 Nf6 2. c4 g6 3. Nc3 Bg7 4. e4 d6 5. Nf3 O-O 6. Be2 e5 7. O-O exd4 8. Nxd4 Re8 9. f3 c6 10. Kh1 d5 11. cxd5 cxd5 12. Bg5 Nc6 13. Nxc6 bxc6 14. exd5 cxd5 15. Bb5 Re6 16. Bxf6 Bxf6 17. Nxd5 Bxb2 18. Rb1 Bg7 19. Nf4 Rd6 20. Qb3 Rb8 21. Qa4 a6 22. Bc4 1-0


[Site "https://www.chess.com"]

[Event "Titled Tuesday Blitz August 16 Early 2022"]
[White "Kovacevic, Radmila"]
[Black "Kuznetsova, Olga"]
[WhiteFideId "933171"]
[BlackFideId "4191323"]
[WhiteElo "2157"]
[BlackElo "2134"]
[Result "0-1"]
[Round "05"]
[TimeControl "180+2"]
[Date "2022.08.18"]
[WhiteClock "0:00:00"]
[BlackClock "0:00:00"]

1. e4 e5 2. Nf3 Nf6 3. Nxe5 d6 4. Nf3 Nxe4 5. Qe2 Qe7 6. d3 Nf6 7. Nc3 c6 8. Bg5 Qxe2+ 9. Bxe2 Be7 10. Ne4 Nxe4 11. dxe4 Bxg5 12. Nxg5 h6 13. Nf3 Nd7 14. O-O-O Ke7 15. Nd4 Nc5 16. Rhe1 Be6 17. Nf5+ Bxf5 18. exf5 Rad8 19. b4 Nd7 20. Bg4+ Kf6 21. Rxd6+ Kg5 22. Bh3 Nf6 23. Red1 Rxd6 24. Rxd6 Re8 25. Kd1 Ne4 26. f4+ Kxf4 27. Rd7 Nf2+ 28. Kc1 Nxh3 29. gxh3 f6 30. Rxb7 Kxf5 31. Rxg7 a6 32. Ra7 Rb8 33. a3 Rb6 34. Rg7 c5 35. c3 cxb4 36. cxb4 a5 37. bxa5 Ra6 38. Rg3 Rxa5 39. Kd2 Kf4 40. Ke2 f5 41. Rf3+ Ke5 42. Re3+ Kd4 43. Kf2 f4 44. Re6 Rxa3 45. Rxh6 Ke4 46. Re6+ Kf5 47. Rh6 Ra2+ 48. Kf3 Ra3+ 49. Kf2 Rb3 50. Rh8 Kg5 51. Kg2 Rb2+ 52. Kg1 Kf5 53. Rf8+ Ke4 54. Ra8 Kf3 55. Ra3+ Ke4 56. h4 Kf5 57. h3 Re2 0-1


[Site "https://www.chess.com"]

[Event "Titled Tuesday Blitz August 16 Early 2022"]
[White "Krsnik Cohar, Ivan Vihor"]
[Black "Demidov, Mikhail"]
[WhiteFideId "14520044"]
[BlackFideId "4197143"]
[WhiteElo "2414"]
[BlackElo "2525"]
[Result "0-1"]
[Round "05"]
[TimeControl "180+1"]
[Date "2022.08.16"]
[WhiteClock "0:00:03"]
[BlackClock "0:00:37"]

1. e4 Nf6 2. Nc3 d5 3. exd5 Nxd5 4. h3 g6 5. Nf3 Bg7 6. Bc4 Nb6 7. Bb3 c5 8. d3 Nc6 9. O-O O-O 10. Re1 c4 11. dxc4 Bxc3 12. bxc3 Qxd1 13. Rxd1 Bf5 14. Nd4 Rfd8 15. Bg5 Kf8 16. c5 Nd7 17. Nxf5 gxf5 18. Rd5 Nde5 19. f4 Rxd5 20. Bxd5 Nd7 21. Rb1 Rb8 22. Bh4 Ke8 23. Bf2 e6 24. Bf3 Kd8 25. Bd4 Kc7 26. Kf2 Rc8 27. Bh5 Rf8 28. Bg7 Rg8 29. Bd4 Nd8 30. Bf3 f6 31. Ke2 e5 32. Bd5 Rg6 33. Bf2 Nc6 34. Be6 Rxg2 35. Bxd7 Kxd7 36. Rxb7+ Ke6 37. Rxh7 exf4 38. Kf3 Rh2 39. c4 Ne5+ 40. Ke2 f3+ 41. Kf1 Rh1+ 42. Bg1 Nxc4 43. c6 Nd2+ 44. Kf2 Ne4+ 45. Kxf3 Rxg1 46. c7 Rg8 47. h4 Rc8 48. Kf4 Nc3 49. Rh5 Nd5+ 50. Kf3 Rxc7 0-1


[Site "https://www.chess.com"]

[Event "Titled Tuesday Blitz August 16 Early 2022"]
[White "Kuchava, Ana"]
[Black "Horak, Martin"]
[WhiteFideId "13605348"]
[BlackFideId "367095"]
[WhiteElo "1955"]
[BlackElo "1997"]
[Result "0-1"]
[Round "05"]
[TimeControl "180+2"]
[Date "2022.08.18"]
[WhiteClock "0:00:00"]
[BlackClock "0:00:00"]

1. d4 Nf6 2. c4 e6 3. Nf3 b6 4. a3 Bb7 5. Nc3 d5 6. cxd5 Nxd5 7. e3 Be7 8. Bd3 O-O 9. O-O Nxc3 10. bxc3 c5 11. e4 cxd4 12. cxd4 Ba6 13. Bxa6 Nxa6 14. Qd3 Qc8 15. Be3 Qb7 16. Rac1 Rac8 17. h3 Nb8 18. d5 exd5 19. exd5 Qa6 20. Qb3 Qxa3 21. Qxa3 Bxa3 22. Ra1 Rc3 23. Rfd1 Nd7 24. Nd4 a6 25. Nf5 a5 26. Nd4 Bc5 27. Nb5 Rb3 28. Bxc5 Nxc5 29. Nc7 Rd8 30. d6 Rd3 31. Rxd3 Nxd3 32. Nb5 Nc5 33. Re1 Kf8 34. Re7 Rd7 35. Re3 g6 36. Kf1 a4 37. Ke2 h5 38. g4 hxg4 39. hxg4 Nb7 40. Rd3 Nc5 41. Rd5 Ke8 42. Ke3 Kd8 43. Kd4 Rb7 44. Ke5 Kd7 45. Kf6 Kc6 46. Nc3 a3 47. Rd2 Ra7 48. Na2 Nd7+ 49. Kxf7 b5 50. Kxg6 b4 51. Nxb4+ Kb5 52. Na2 Kc4 53. g5 Kb3 54. Re2 Ra6 55. Rd2 Ne5+ 56. Kf5 Nc4 57. Re2 Nxd6+ 58. Kg4 Nc4 59. Kh5 Nb2 0-1


[Site "https://www.chess.com"]

[Event "Titled Tuesday Blitz August 16 Early 2022"]
[White "Lagno, Kateryna"]
[Black "Schekachikhin, Maksim"]
[WhiteFideId "14109336"]
[BlackFideId "24177830"]
[WhiteElo "2522"]
[BlackElo "2239"]
[Result "1-0"]
[Round "05"]
[TimeControl "180+1"]
[Date "2022.08.16"]
[WhiteClock "0:01:33"]
[BlackClock "0:01:16"]

1. e4 c5 2. Nf3 e6 3. d4 cxd4 4. Nxd4 Nc6 5. Nc3 Nf6 6. Ndb5 Bc5 7. Nd6+ Ke7 8. Bf4 e5 9. Nf5+ Kf8 10. Bg5 h6 11. Be3 Bb4 12. Bc4 d5 13. exd5 Bxf5 14. dxc6 bxc6 15. Qe2 Nd5 16. O-O Nxc3 17. bxc3 Bxc3 18. Rad1 Qc7 19. Qf3 Bxc2 20. Rc1 1-0


[Site "https://www.chess.com"]

[Event "Titled Tuesday Blitz August 16 Early 2022"]
[White "Lakshmi C"]
[Black "McBryde, Lamel"]
[WhiteFideId "25035347"]
[BlackFideId "2058596"]
[WhiteElo "1775"]
[BlackElo "2136"]
[Result "1-0"]
[Round "05"]
[TimeControl "180+2"]
[Date "2022.08.18"]
[WhiteClock "0:00:00"]
[BlackClock "0:00:00"]

1. e4 Nf6 2. e5 Ne4 3. d4 d5 4. Bd3 e6 5. Nc3 Bb4 6. Bd2 Nxd2 7. Qxd2 c5 8. a3 Bxc3 9. bxc3 c4 10. Be2 O-O 11. f4 f6 12. Nf3 Nc6 13. O-O Bd7 14. Qe1 f5 15. Ng5 h6 16. Nf3 Be8 17. Nh4 Kh7 18. Qg3 Rg8 19. Nf3 b6 20. h4 g6 21. Qh3 Qe7 22. g4 Qf7 23. Ng5+ Kg7 24. Nxf7 Kxf7 25. gxf5 Bd7 26. fxg6+ Rxg6+ 27. Kh2 1-0


[Site "https://www.chess.com"]

[Event "Titled Tuesday Blitz August 16 Early 2022"]
[White "Langner, Ladislav"]
[Black "Floresvillar Gonzalez, Luis Migu"]
[WhiteFideId "300403"]
[BlackFideId "5100542"]
[WhiteElo "2346"]
[BlackElo "2040"]
[Result "1-0"]
[Round "05"]
[TimeControl "180+2"]
[Date "2022.08.18"]
[WhiteClock "0:00:00"]
[BlackClock "0:00:00"]

1. e4 e6 2. d4 d5 3. e5 c5 4. c3 Nc6 5. Nf3 Qb6 6. a3 cxd4 7. cxd4 Bd7 8. Nc3 Nge7 9. Na4 Qc7 10. Bd3 g6 11. Bg5 Nf5 12. Bf6 Rg8 13. Rc1 Qa5+ 14. b4 Nxb4 15. axb4 Bxb4+ 16. Ke2 Qxa4 17. Qxa4 Bxa4 18. Rc7 Bc6 19. Rb1 a5 20. g4 Ng7 21. Ng5 Bc3 22. Nxf7 Bxd4 23. Nd6+ Kf8 24. Rf7# 1-0


[Site "https://www.chess.com"]

[Event "Titled Tuesday Blitz August 16 Early 2022"]
[White "Lazavik, Denis"]
[Black "Beerdsen, Thomas"]
[WhiteFideId "13515110"]
[BlackFideId "1030108"]
[WhiteElo "2437"]
[BlackElo "2567"]
[Result "0-1"]
[Round "05"]
[TimeControl "180+1"]
[Date "2022.08.16"]
[WhiteClock "0:00:03"]
[BlackClock "0:00:08"]

1. d4 e6 2. c4 b6 3. e4 Bb7 4. Bd3 Nc6 5. Ne2 Nb4 6. Nbc3 Nxd3+ 7. Qxd3 Ne7 8. h4 h5 9. Bg5 f6 10. Be3 d5 11. f3 Qd7 12. cxd5 exd5 13. O-O-O O-O-O 14. Nf4 dxe4 15. fxe4 Qg4 16. d5 Ng6 17. Ne6 Bd6 18. Nxd8 Rxd8 19. Nb5 Be5 20. Nxa7+ Kb8 21. Nb5 Qxg2 22. Bd2 Nf4 23. Qc4 f5 24. Rhe1 fxe4 25. Qxe4 Qxe4 26. Rxe4 Nd3+ 27. Kb1 Bxd5 28. Rxe5 Nxe5 29. Nc3 Bf3 30. Re1 Nd3 31. Re7 g6 32. Bg5 Rf8 33. a3 Bc6 34. Kc2 Nc5 35. Be3 Nb7 36. b4 Nd6 37. Bg5 Nc4 38. Kb3 Nd6 39. a4 Rf3 40. Kc2 Nf5 41. Rf7 Nd4+ 42. Kd2 Rxf7 43. Kd3 Nf5 44. b5 Rd7+ 45. Kc4 Bb7 46. Kb4 Rd4+ 47. Ka3 Nxh4 0-1


[Site "https://www.chess.com"]

[Event "Titled Tuesday Blitz August 16 Early 2022"]
[White "Lebedev, Artem S."]
[Black "Leve, Nitai"]
[WhiteFideId "34272747"]
[BlackFideId "2006898"]
[WhiteElo "1699"]
[BlackElo "2144"]
[Result "0-1"]
[Round "05"]
[TimeControl "180+2"]
[Date "2022.08.18"]
[WhiteClock "0:00:00"]
[BlackClock "0:00:00"]

1. e4 e6 2. d4 d5 3. Nc3 Nf6 4. e5 Nfd7 5. f4 c5 6. Nf3 Nc6 7. Be3 cxd4 8. Nxd4 Bc5 9. Qd2 a6 10. Be2 O-O 11. a3 Ndxe5 12. fxe5 Nxd4 13. O-O-O Nxe2+ 14. Qxe2 Qe7 15. Qf2 Bxe3+ 16. Qxe3 b5 17. Ne2 b4 18. a4 Bd7 19. b3 Rfc8 20. Nd4 Rc3 21. Qf4 Rac8 22. h4 Qc5 23. Rd2 Bxa4 24. Rf2 Be8 25. Rhf1 Qe7 26. g4 a5 27. g5 a4 28. g6 hxg6 29. h5 gxh5 30. Rg2 axb3 31. Qh6 Rxc2+ 32. Nxc2 Rxc2+ 0-1


[Site "https://www.chess.com"]

[Event "Titled Tuesday Blitz August 16 Early 2022"]
[White "Legenia, Artem"]
[Black "Clawitter, Craig"]
[WhiteFideId "14136945"]
[BlackFideId "2023105"]
[WhiteElo "1936"]
[BlackElo "2050"]
[Result "0-1"]
[Round "05"]
[TimeControl "180+2"]
[Date "2022.08.18"]
[WhiteClock "0:00:00"]
[BlackClock "0:00:00"]

1. d4 e6 2. Bf4 Nf6 3. e3 b6 4. Nf3 Bb7 5. Nbd2 Be7 6. Bd3 Nh5 7. Bg3 d6 8. c3 Nd7 9. O-O Nxg3 10. hxg3 O-O 11. Qc2 g6 12. a4 a6 13. b4 c5 14. a5 b5 15. bxc5 dxc5 16. c4 Rc8 17. Qb2 b4 18. Be4 Rb8 19. Bxb7 Rxb7 20. Rfd1 Bf6 21. Ne4 Bg7 22. Qb3 Qc7 23. Ra2 Rd8 24. d5 exd5 25. Rxd5 f5 26. Nd6 Rbb8 27. Rad2 Nf6 28. R5d3 Rd7 29. Ne5 Re7 30. f4 Rd8 31. Nb5 Rxd3 32. Qxd3 axb5 33. Qd8+ Qxd8 34. Rxd8+ Re8 35. Rxe8+ Nxe8 36. cxb5 Bxe5 37. a6 b3 38. a7 Nc7 39. b6 b2 40. bxc7 b1=Q+ 0-1


[Site "https://www.chess.com"]

[Event "Titled Tuesday Blitz August 16 Early 2022"]
[White "Lehtosaari, Mauri"]
[Black "Yurasova, Daria"]
[WhiteFideId "501999"]
[BlackFideId "34146919"]
[WhiteElo "2200"]
[BlackElo "2021"]
[Result "0-1"]
[Round "05"]
[TimeControl "180+2"]
[Date "2022.08.18"]
[WhiteClock "0:00:00"]
[BlackClock "0:00:00"]

1. d4 d5 2. Nf3 Nf6 3. Bg5 Bf5 4. c3 e6 5. Qb3 Nbd7 6. Nbd2 Be7 7. e3 h6 8. Bf4 O-O 9. Qxb7 Rb8 10. Qxc7 Qxc7 11. Bxc7 Rxb2 12. Ba6 Nb6 13. O-O Na4 14. Rfc1 Ba3 15. c4 Bb4 16. Nb3 Bd3 17. Ne5 Be2 18. Bb5 Nc3 19. Rxc3 Bxc3 20. Rc1 Rc8 21. Bd6 Ne4 22. Bc5 Nxc5 23. Nxc5 Rxc5 24. dxc5 Bxe5 25. c6 dxc4 26. a4 Bc7 27. g3 Bd3 28. Bxc4 Bxc4 29. Rxc4 Rb6 30. Kg2 Kf8 31. Kf3 Ke7 32. e4 Kd6 33. Ke3 Rxc6 34. Rd4+ Ke7 35. Rb4 Bb6+ 36. Kf3 Rc3+ 37. Kf4 Rc2 38. f3 g5+ 39. Kg4 Kf6 40. f4 gxf4 41. gxf4 Rxh2 42. e5+ Kg7 43. Rb5 Rf2 44. a5 Be3 45. Rb4 Rxf4+ 46. Rxf4 Bxf4 47. Kxf4 f6 48. exf6+ Kxf6 0-1


[Site "https://www.chess.com"]

[Event "Titled Tuesday Blitz August 16 Early 2022"]
[White "Liu, Casper"]
[Black "Lauridsen, Jesper Morch"]
[WhiteFideId "1454153"]
[BlackFideId "1401890"]
[WhiteElo "2025"]
[BlackElo "2221"]
[Result "0-1"]
[Round "05"]
[TimeControl "180+2"]
[Date "2022.08.18"]
[WhiteClock "0:00:00"]
[BlackClock "0:00:00"]

1. d4 d5 2. Bf4 g6 3. h4 Bg7 4. h5 c5 5. e3 Qb6 6. Nc3 cxd4 7. exd4 Qxd4 8. Qxd4 Bxd4 9. Nxd5 Bb6 10. Be5 f6 11. hxg6 h5 12. Bc7 Be6 13. Nxb6 axb6 14. Bxb6 Nd7 15. Bb5 Kf8 16. Be3 Ne5 17. a3 Bd5 18. Ne2 Bxg2 19. Rg1 Nf3+ 20. Kd1 Rd8+ 21. Bd3 Nxg1 22. Nxg1 h4 23. Bf4 Be4 24. Ke2 Bxd3+ 25. cxd3 h3 26. Nf3 e5 27. Bd2 Kg7 28. b4 Kxg6 29. a4 Ne7 30. a5 Nf5 31. b5 Nd4+ 32. Nxd4 exd4 33. Bb4 h2 34. Rh1 Rd5 35. b6 Rg5 36. Bd2 Rg1 0-1


[Site "https://www.chess.com"]

[Event "Titled Tuesday Blitz August 16 Early 2022"]
[White "Malyi, Viacheslav"]
[Black "Fier, Alexandr"]
[WhiteFideId "14123983"]
[BlackFideId "2107139"]
[WhiteElo "2190"]
[BlackElo "2598"]
[Result "0-1"]
[Round "05"]
[TimeControl "180+2"]
[Date "2022.08.18"]
[WhiteClock "0:00:00"]
[BlackClock "0:00:00"]

1. e4 g6 2. d4 Bg7 3. Nc3 d6 4. f4 a6 5. Nf3 b5 6. Bd3 Bb7 7. e5 Nd7 8. Ne4 c5 9. c3 cxd4 10. cxd4 Nb6 11. O-O Nh6 12. Neg5 e6 13. Be3 Bxf3 14. Qxf3 d5 15. b3 Nf5 16. g4 Nxe3 17. Qxe3 Bh6 18. Kh1 Qe7 19. Rac1 Kd7 20. Nh3 Rhc8 21. g5 Bf8 22. Nf2 Qa3 23. Ng4 Be7 24. Nh6 Ke8 25. Rxc8+ Rxc8 26. f5 gxf5 27. Nxf5 exf5 28. Bxf5 Rc6 29. e6 fxe6 30. Bxe6 Qxa2 31. Bg4 Qc2 32. Bf3 Qg6 33. Re1 Rc7 34. Qe5 Kd8 35. Bxd5 Nxd5 36. Qxd5+ Qd6 37. Qg8+ Kd7 38. Qxh7 Kc6 39. Rc1+ Kb6 40. Rxc7 Qxc7 41. Qg6+ Ka5 42. h4 Qf4 43. Qc2 Qxh4+ 44. Kg2 Qxg5+ 45. Kf3 Qh5+ 46. Ke3 Bg5+ 47. Kd3 Qg6+ 48. Kc3 Qxc2+ 49. Kxc2 Kb4 0-1


[Site "https://www.chess.com"]

[Event "Titled Tuesday Blitz August 16 Early 2022"]
[White "Martic, Ivan"]
[Black "Acosta Cruz, Oscar Yosimar"]
[WhiteFideId "929301"]
[BlackFideId "5111269"]
[WhiteElo "2355"]
[BlackElo "2147"]
[Result "1-0"]
[Round "05"]
[TimeControl "180+2"]
[Date "2022.08.18"]
[WhiteClock "0:00:00"]
[BlackClock "0:00:00"]

1. d4 Nf6 2. Nf3 g6 3. Bg5 Bg7 4. Nbd2 h6 5. Bh4 O-O 6. c3 d6 7. e4 Nbd7 8. Be2 Qe8 9. O-O e5 10. dxe5 dxe5 11. Re1 Nc5 12. Qc2 Nfd7 13. Bf1 Ne6 14. Nc4 b5 15. Ne3 c6 16. a4 bxa4 17. Rxa4 Ndc5 18. Ra5 g5 19. Bg3 Qd8 20. b4 Qc7 21. Rxc5 Nxc5 22. bxc5 a5 23. Nf5 Bxf5 24. exf5 f6 25. Bc4+ Kh7 26. h4 Rfd8 27. hxg5 hxg5 28. Nxg5+ fxg5 29. f6+ Kh8 1-0


[Site "https://www.chess.com"]

[Event "Titled Tuesday Blitz August 16 Early 2022"]
[White "Martinez Alcantara, Jose Eduardo"]
[Black "Schmakel, Sam"]
[WhiteFideId "3805662"]
[BlackFideId "2039311"]
[WhiteElo "2703"]
[BlackElo "2356"]
[Result "1-0"]
[Round "05"]
[TimeControl "180+1"]
[Date "2022.08.16"]
[WhiteClock "0:00:50"]
[BlackClock "0:00:03"]

1. e4 c5 2. Nf3 d6 3. c3 Nf6 4. h3 g6 5. Bd3 Bg7 6. Bc2 O-O 7. d4 cxd4 8. cxd4 Nc6 9. O-O Nb4 10. Bb3 d5 11. e5 Ne4 12. Nc3 Bf5 13. Ne2 f6 14. Nf4 g5 15. a3 gxf4 16. axb4 e6 17. Bxf4 Qe7 18. b5 Kh8 19. Ra3 Rg8 20. Kh2 fxe5 21. Nxe5 Raf8 22. Bc2 Qh4 23. Qc1 Bf6 24. Bxe4 Bxe4 25. Rg3 Be7 26. Ng4 Bg5 27. Be5+ Rg7 28. f4 Be7 29. Qe1 Bg6 30. Bxg7+ Kxg7 31. Qxe6 Bf5 32. Qe5+ Kg6 33. Ne3+ 1-0


[Site "https://www.chess.com"]

[Event "Titled Tuesday Blitz August 16 Early 2022"]
[White "Martinez, Shawn"]
[Black "Guz, Ari"]
[WhiteFideId "2039770"]
[BlackFideId "2825759"]
[WhiteElo "2174"]
[BlackElo "1913"]
[Result "0-1"]
[Round "05"]
[TimeControl "180+2"]
[Date "2022.08.18"]
[WhiteClock "0:00:00"]
[BlackClock "0:00:00"]

1. e4 e6 2. d4 d5 3. Bd3 dxe4 4. Bxe4 Nf6 5. Bf3 Be7 6. Nc3 O-O 7. Be3 c5 8. Nge2 cxd4 9. Qxd4 Nc6 10. Bxc6 bxc6 11. O-O Nd5 12. Ne4 Ba6 13. c4 Nb4 14. Rac1 Nxa2 15. Qxd8 Rfxd8 16. Rc2 Nb4 17. Rc3 Nd5 18. cxd5 Bxe2 19. d6 Bxd6 20. Rfc1 Bb5 21. Bg5 f6 22. Nxd6 Rxd6 23. Be3 a5 24. h4 e5 25. h5 Kf7 26. g4 Rad8 27. Kh2 Rd1 28. R1c2 a4 29. Kg3 g6 30. h6 f5 31. Bg5 R8d3+ 32. f3 e4 33. gxf5 gxf5 34. Kf4 e3 35. Kxf5 Rxc3 36. Rxc3 e2 37. Bh4 e1=Q 38. Bxe1 Rxe1 39. f4 Re6 40. Rh3 Rf6+ 41. Ke5 Ke7 42. f5 Rd6 43. Rg3 Rd5+ 0-1


[Site "https://www.chess.com"]

[Event "Titled Tuesday Blitz August 16 Early 2022"]
[White "Matyukov, Petr"]
[Black "Rangel, Daniel"]
[WhiteFideId "4103688"]
[BlackFideId "2124475"]
[WhiteElo "2278"]
[BlackElo "2225"]
[Result "0-1"]
[Round "05"]
[TimeControl "180+2"]
[Date "2022.08.18"]
[WhiteClock "0:00:00"]
[BlackClock "0:00:00"]

1. d4 Nf6 2. c4 c5 3. d5 d6 4. Nc3 e5 5. dxe6 Bxe6 6. e3 Nc6 7. Nf3 Be7 8. Nd5 O-O 9. Be2 Bxd5 10. cxd5 Nb4 11. Bc4 b5 12. Bxb5 Qa5 13. Bc4 Nc2+ 14. Kf1 Nxa1 15. Bd2 Qb6 16. Qxa1 Ne4 17. Bc1 Bf6 18. Bd3 Rfe8 19. g3 Rab8 20. Bxe4 Rxe4 21. Nd2 Rb4 22. a3 Bxb2 23. Bxb2 Rxb2 24. Nc4 Rb1+ 25. Kg2 Rxa1 26. Nxb6 Rxh1 27. Nd7 Rd8 0-1


[Site "https://www.chess.com"]

[Event "Titled Tuesday Blitz August 16 Early 2022"]
[White "Mendez Fortes, Eduardo Jesus"]
[Black "Khabinets, Ivan"]
[WhiteFideId "3502376"]
[BlackFideId "14115980"]
[WhiteElo "2307"]
[BlackElo "2114"]
[Result "1-0"]
[Round "05"]
[TimeControl "180+2"]
[Date "2022.08.18"]
[WhiteClock "0:00:00"]
[BlackClock "0:00:00"]

1. e4 c5 2. Nf3 Nc6 3. d4 cxd4 4. Nxd4 Nf6 5. Nc3 e5 6. Ndb5 d6 7. Nd5 Nxd5 8. exd5 Nb8 9. c4 a6 10. Nc3 Be7 11. Be2 O-O 12. O-O f5 13. f4 Nd7 14. Kh1 Qc7 15. b4 e4 16. Be3 Bf6 17. Rc1 b6 18. Na4 Bb7 19. c5 bxc5 20. bxc5 dxc5 21. d6 Qa5 22. Nxc5 Nxc5 23. Rxc5 Qa3 24. Rc7 Qxe3 25. Rxb7 Rad8 26. Qd5+ Kh8 27. Bxa6 Qa3 28. Bb5 Qxd6 29. Qxd6 Rxd6 30. a4 e3 31. g3 Rd2 32. Re1 Bd4 33. a5 Ra2 34. a6 Rc8 35. Re2 Rxe2 36. Bxe2 g6 37. Kg2 Rc2 38. Kf3 Ra2 39. Rd7 Bb6 40. Rd6 Bc5 41. Rc6 Ba7 42. h3 Bd4 43. g4 fxg4+ 44. hxg4 Kg7 45. Rc7+ Kh8 46. Bc4 Rf2+ 47. Ke4 Bb6 48. Re7 e2 49. Kd5 Rxf4 50. Bxe2 Ra4 51. Kc6 Bg1 52. g5 Ra5 53. Kb7 Kg8 54. Bc4+ Kh8 55. Re8+ Kg7 56. Rg8# 1-0


[Site "https://www.chess.com"]